 Dungeon Crawl Stone Soup version 0.19-a0-860-g5c370dd (webtiles) character file.

767 epen the Charmwright (level 7, -1/52 HPs)
             Began as a Merfolk Skald on July 2, 2016.
             Was an Initiate of Okawaru.
             Succumbed to a water moccasin's poison
             ... on level 4 of the Dungeon.
             The game lasted 00:10:31 (6788 turns).

epen the Charmwright (Merfolk Skald)                Turns: 6788, Time: 00:10:32

Health: -1/52      AC:  6    Str: 15    XL:     7   Next: 82%
Magic:  1/13       EV: 13    Int: 16    God:    Okawaru [......]
Gold:   248        SH:  0    Dex: 15    Spells: 4 memorised, 5 levels left

rFire  + . .     SeeInvis .     v - +0 spear (freeze)
rCold  + . .     Gourm    .     b - +0 leather armour
rNeg   . . .     Faith    .     (no shield)
rPois  +         Spirit   .     t - +0 helmet
rElec  +         Dismiss  .     h - +1 cloak
rCorr  +         Reflect  .     (no gloves)
SustAt .         Harm     .     (no boots)
MR     .....                    (no amulet)
Stlth  +.........               A - ring of resist corrosion
                                e - +2 ring of dexterity

@: brilliant, lethally poisoned (-1 -> -18), resistant, infused (expiring), very
slightly contaminated, not resistant to hostile enchantments, very unstealthy
A: change form in water, swift swim
a: Renounce Religion


You were on level 4 of the Dungeon.
You worshipped Okawaru.
Okawaru was noncommittal.
You were near starving.

You visited 2 branches of the dungeon, and saw 6 of its levels.

You collected 248 gold pieces.

Inventory:

Hand Weapons
 a - a +0 spear
 v - a +0 spear of freezing (weapon)
 z - a +0 halberd
Missiles
 j - 2 throwing nets (quivered)
Armour
 b - a +0 leather armour (worn)
 g - a +0 ring mail of fire resistance
 h - a +1 cloak (worn)
 t - a +0 helmet (worn)
Jewellery
 e - a +2 ring of dexterity (left hand)
 A - a ring of resist corrosion (right hand)
Scrolls
 f - 5 scrolls of identify {unknown}
 l - a scroll of blinking {unknown}
 n - a scroll of fog {unknown}
 p - a scroll of remove curse {unknown}
 r - a scroll of fear {unknown}
 w - a scroll of amnesia {unknown}
 y - 2 scrolls of teleportation {unknown}
Potions
 i - 2 potions of might
 s - a potion of berserk rage {unknown}
Books
 c - a book of Battle

   Spells                             Type                      Level
   a - Infusion                       Charms                       1
   b - Shroud of Golubria             Charms/Translocation         2
   c - Song of Slaying                Charms                       2
   d - Spectral Weapon                Hexes/Charms                 3
   e - Regeneration                   Charms/Necromancy            3
 x - a book of the Tempests

   Spells                             Type                      Level
   a - Static Discharge               Conjuration/Air              3
   b - Lightning Bolt                 Conjuration/Air              5
   c - Fireball                       Conjuration/Fire             5
   d - Tornado                        Air                          9
   e - Shatter                        Earth                        9
Comestibles
 d - 5 bread rations
 m - a slice of pizza
 o - 3 meat rations
 u - 3 fruits


   Skills:
 + Level 3.4 Fighting
 + Level 4.8 Polearms
 + Level 1.9 Armour
 + Level 3.4 Dodging
 * Level 4.3 Spellcasting
 * Level 2.2 Hexes
 * Level 5.6 Charms


You had 5 spell levels left.
You knew the following spells:

 Your Spells              Type           Power        Failure   Level  Hunger
a - Infusion              Chrm           ####         1%          1    None
b - Song of Slaying       Chrm           ####....     1%          2    ##.....
c - Spectral Weapon       Hex/Chrm       ####....     1%          3    ###....
d - Regeneration          Chrm/Necr      ###.......   2%          3    ###....


Dungeon Overview and Level Annotations

Branches:
Dungeon (5/15)             Temple (1/1) D:5

Altars:
Ashenzari
Cheibriados
Dithmenos
Elyvilon
Fedhas
Gozag
Hepliaklqana
Kikubaaqudgha
Okawaru
Sif Muna
Trog
Uskayaw
Vehumet
Yredelemnul
Zin
The Shining One


Message History

The water moccasin is severely wounded.
You feel sick.
Your spectral weapon barely misses the water moccasin.
The water moccasin bites you.
* * * LOW HITPOINT WARNING * * *
You are lethally poisoned!
The water moccasin poisons you!
It was a potion of resistance.
You feel protected.
* * * LOW HITPOINT WARNING * * *
You feel sick.
The water moccasin bites you but does no damage.
Unknown command.
It was a potion of brilliance.
You feel clever all of a sudden.
Your magical infusion is running out.
* * * LOW HITPOINT WARNING * * *
You feel sick. The water moccasin bites you!
* * * LOW HITPOINT WARNING * * *
Unknown command.
You die...

..####.................#
..###..................#
#.......##...#.)......##
#.....#.........<....#######
....#.####..#....##........#
#.#...#####....#..#........#
#.#..#......#..S...........#
#......######.####.........#
###...## #(S.@..........#
##..## #####...########
#....## #...# #.....##
####..######### ##<###..#
###.....>##.....## ...#
##.#####................##
####
#..##...................# #
##.##.##......!.........#
#....##................#


You could see a water moccasin and a friendly spectral spear of freezing.

Vanquished Creatures
  A sky beast (D:5)
  A phantom (D:4)
  A scorpion (D:4)
  4 hounds
  A centaur skeleton (D:4)
  An orc priest (D:4)
  4 worker ants
  An orc wizard (D:4)
  Robin (D:4)
  3 gnolls (D:4)
  8 adders
  3 adder skeletons
  2 worms
  A dart slug (D:1)
  10 orcs
  2 ball pythons (D:2)
  6 bats
  3 giant cockroaches
  16 goblins
  11 hobgoblins
  11 jackals
  4 kobolds
  A quokka (D:3)
  A giant cockroach zombie (D:5)
  A giant gecko skeleton (D:4)
  2 giant newts
  13 rats
113 creatures vanquished.

Vanquished Creatures (others)
  5 spectral weapons
5 creatures vanquished.

Grand Total: 118 creatures vanquished

Notes
Turn   | Place    | Note
-------+----------+-------------------------------------------
     0 | D:1      | epen the Merfolk Skald began the quest for the Orb.
     0 | D:1      | Reached XP level 1. HP: 16/16 MP: 3/3
     1 | D:1      | Noticed an electric eel
   258 | D:1      | Reached XP level 2. HP: 13/22 MP: 5/5
   262 | D:1      | Learned a level 2 spell: Song of Slaying
   826 | D:2      | Reached XP level 3. HP: 24/27 MP: 6/6
   831 | D:2      | Learned a level 3 spell: Spectral Weapon
  1054 | D:2      | Reached skill level 1 in Armour
  1600 | D:2      | Reached XP level 4. HP: 21/34 MP: 1/8
  1977 | D:3      | Reached skill level 4 in Charms
  2354 | D:3      | Found a white marble altar of Elyvilon.
  3317 | D:3      | Reached XP level 5. HP: 21/39 MP: 9/9
  3676 | D:4      | HP: 1/39 [scorpion (1)]
  4457 | D:4      | Reached XP level 6. HP: 41/46 MP: 7/11
  4620 | D:4      | Learned a level 3 spell: Regeneration
  4839 | D:4      | Noticed a phantom
  4861 | D:4      | Killed a phantom
  4861 | D:4      | Reached skill level 5 in Charms
  4933 | D:4      | Reached XP level 7. HP: 40/52 MP: 11/13
  5221 | D:4      | Noticed Robin
  5241 | D:4      | Reached skill level 1 in Hexes
  5494 | D:4      | Killed Robin
  5593 | D:4      | Found an ancient bone altar of Kikubaaqudgha.
  5673 | D:5      | Entered Level 5 of the Dungeon
  5919 | D:5      | Found a basalt altar of Yredelemnul.
  6193 | D:5      | Found a blossoming altar of Fedhas.
  6206 | D:5      | Found a staircase to the Ecumenical Temple.
  6234 | Temple   | Entered the Ecumenical Temple
  6243 | Temple   | Became a worshipper of Warmaster Okawaru
  6787 | D:4      | HP: 1/52 [water moccasin (7)]
  6788 | D:4      | Succumbed to a water moccasin's poison

Vault maps used:
D:1:      arrival_aquarium_a
D:3:      overflow_temple_1_default, due_unseen_surprise
D:4:      kennysheep_goblin_castle, kiku_gazebo_garden_becter
D:5:      fedhas_altar_3, yredelemnul_altar_generic, first_bread, st_stairs_8
Temple:   compressed_dpeg_circular_temple

Skill      XL: |  1  2  3  4  5  6  7 |
---------------+----------------------+-----
Armour         | 1 |  1.9
Dodging        | 2 3 |  3.4
Charms         | 4 5 |  5.6
Spellcasting   | 3 4 |  4.3
Polearms       | 4 |  4.8
Fighting       | 3 |  3.4
Hexes          | 2 |  2.2

Action                   |  1- 3 |  4- 6 |  7- 9 || total
-------------------------+-------+-------+-------++-------
Melee: Spear             |   164 |   306 |   167 ||   637
 Cast: Infusion          |     2 |     3 |     1 ||     6
       Spectral Weapon   |       |     5 |     7 ||    12
       Song of Slaying   |       |     3 |     1 ||     4
  Use: Potion            |     3 |     3 |     2 ||     8
 Stab: Sleeping          |     3 |       |       ||     3
       Distracted        |       |     1 |       ||     1
  Eat: Chunk             |     1 |     8 |     5 ||    14
       Meat ration       |       |     1 |       ||     1
Armor: Leather armour    |    32 |    92 |    42 ||   166
Dodge: Dodged            |    75 |   146 |    98 ||   319
